 Dungeon Crawl Stone Soup version 0.31-a0-202-g547052bce9 (webtiles) character file.

Game seed: 7773918297165280281

87 qw the Shooter (level 4, -1/25 HPs)
             Began as a Deep Elf Hunter on June 25, 2023.
             Slain by a kobold
             ... wielding a +0 club
              (4 damage)
             ... on level 4 of the Dungeon.
             The game lasted 00:00:32 (1080 turns).

qw the Shooter (Deep Elf Hunter)                    Turns: 1080, Time: 00:00:32

Health: -1/25      AC:  3    Str: 10    XL:     4   Next: 28%
Magic:  6/6        EV: 12    Int: 14    God:
Gold:   119        SH:  0    Dex: 18    Spells: 3/3 levels left

rFire   + . .        Y - +0 shortbow
rCold   . . .        (shield currently unavailable)
rNeg    . . .        c - +0 leather armour
rPois   .            (no helmet)
rElec   .            (no cloak)
rCorr   +            (no gloves)
SInv    .            (no boots)
Will    .....        (no amulet)
Stlth   ++           e - ring of protection from fire
HPRegen 0.24/turn    j - ring of resist corrosion
MPRegen 0.10/turn

%: no passive effects
@: no status effects
A: no striking features
a: no special abilities


You were on level 4 of the Dungeon.
You visited 1 branch of the dungeon, and saw 3 of its levels.

You collected 119 gold pieces.


   Skills:
 - Level 1.5 Fighting
 + Level 7.7 Ranged Weapons
 - Level 2.4 Dodging
 - Level 1.2 Stealth


You had 3 spell levels left.
You didn't know any spells.
Your spell library was empty.

Inventory:

Hand Weapons
 Y - a +0 shortbow (weapon)
Armour
 c - a +0 leather armour (worn)
Jewellery
 e - a ring of protection from fire (left hand)
 j - a ring of resist corrosion (right hand)
Scrolls
 a - a scroll of amnesia
Potions
 d - a potion of resistance {unknown}
 f - a potion of brilliance {unknown}
 g - a potion of attraction {unknown}

Dungeon Overview and Level Annotations

Branches:
Dungeon (2/15)             Temple (0/1) D:4

Altars:
Cheibriados


Message History

The hobgoblin completely misses you.
The hobgoblin hits you but does no damage.
The kobold hits you with a +0 club. The hobgoblin hits you.
The hobgoblin hits you but does no damage.
You shoot an arrow. The arrow hits the hobgoblin.
You kill the hobgoblin!
The hobgoblin misses you. The kobold barely misses you. The hobgoblin hits you.
You shoot an arrow. The arrow hits the hobgoblin.
You kill the hobgoblin!
The hobgoblin closely misses you. The kobold hits you but does no damage.
You shoot an arrow. The arrow barely misses the goblin.
A goblin comes into view. It is wielding a +0 club.
The hobgoblin hits you. The kobold barely misses you.
The goblin closely misses you.
You shoot an arrow. The arrow barely misses the goblin.
The hobgoblin hits you. The kobold hits you with a +0 club.
The goblin hits you but does no damage.
You shoot an arrow. The arrow barely misses the goblin.
The arrow hits the goblin!
You kill the goblin!
The kobold hits you but does no damage. The goblin hits you but does no damage.
You shoot an arrow. The arrow closely misses the goblin.
The hobgoblin hits you but does no damage.
A hobgoblin comes into view.
The kobold barely misses you. The hobgoblin barely misses you.
The goblin hits you but does no damage.
You shoot an arrow. The arrow hits the goblin!
You kill the goblin!
The hobgoblin hits you. The kobold hits you with a +0 club.
The hobgoblin hits you.
You shoot an arrow.
The arrow hits the hobgoblin but does no damage.
The hobgoblin barely misses you. The kobold closely misses you.
The hobgoblin misses you.
You shoot an arrow. The arrow hits the hobgoblin.
You kill the hobgoblin!
The hobgoblin hits you.
You shoot an arrow. The arrow barely misses the kobold.
The kobold hits you with a +0 club.
You die...

#.. #.. ##.#
#..# # #..#
###'# ##..# .).
#...# # ##)#
#...# . #@K#
####..# # #gK#
#.)#..# # )g.%.
+..'..# # #..
.#######
####..#
#####.#..# ##
.....####.....#
...##.#... ....
.........#
...##.... ...
.........#
##.......##
##.# ########.#
#...#.# #.##
##.# #.#


You could see 2 hobgoblins and 2 kobolds.

Vanquished Creatures
  An iguana (D:4)
  A gnoll (D:1)
  An adder (D:2)
  An orc (D:4)
  3 endoplasms
  3 giant cockroaches
  4 goblins
  9 hobgoblins
  2 jackals (D:1)
  A quokka (D:1)
  A ball python (D:2)
  3 bats
  2 frilled lizards (D:1)
  5 kobolds
  2 rats
39 creatures vanquished.

Notes
Turn   | Place    | Note
-------+----------+-------------------------------------------
     0 | D:1      | qw the Deep Elf Hunter began the quest for the Orb.
     0 | D:1      | Reached XP level 1. HP: 12/12 MP: 3/3
     0 | D:1      | 0 ||| qw: Version: 0.3-a-22-g0ed2b0b
     0 | D:1      | 0 ||| qw: Game counter: 5724
     0 | D:1      | 0 ||| qw: Melee chars always use a shield: true
     0 | D:1      | 0 ||| qw: God list: Okawaru
     0 | D:1      | 0 ||| qw: Allow faded altars: false
     0 | D:1      | 0 ||| qw: Do Orc after clearing Dungeon:15 true
     0 | D:1      | 0 ||| qw: Do second Lair branch before Depths: true
     0 | D:1      | 0 ||| qw: Lair rune preference: random
     0 | D:1      | 0 ||| qw: Goals: Normal
     0 | D:1      | 0 ||| PLANNING D:1-11
   141 | D:1      | Reached skill level 6 in Ranged Weapons
   141 | D:1      | Reached XP level 2. HP: 16/16 MP: 4/4
   164 | D:1      | Found a faded altar of an unknown god.
   396 | D:1      | Reached XP level 3. HP: 13/20 MP: 5/5
   501 | D:1      | 501 ||| UPGRADING to ring of protection from fire.
   502 | D:1      | 502 ||| DROPPING +6 ring of intelligence.
   503 | D:1      | 503 ||| DROPPING scroll of butterflies.
   527 | D:2      | 527 ||| STAIRDANCE
   683 | D:2      | Reached skill level 7 in Ranged Weapons
   684 | D:2      | HP: 5/20 [poisoned by an adder]
   930 | D:2      | You fall into a shaft and drop 2 floors!
   942 | D:4      | Reached XP level 4. HP: 25/25 MP: 6/6
   991 | D:4      | Found a snail-covered altar of Cheibriados.
  1040 | D:4      | Found a staircase to the Ecumenical Temple.
  1041 | D:4      | 1041 ||| PLANNING TEMPLE
  1041 | D:4      | 1041 ||| UPGRADING to ring of resist corrosion.
  1042 | D:4      | 1042 ||| READING 2 scrolls labelled YBUUZX QAWEOTS.
  1043 | D:4      | 1043 ||| READING scroll labelled KUNIUM FIUHEONWYKA.
  1044 | D:4      | 1044 ||| READING scroll labelled GEISUTRUNO.
  1063 | D:4      | 1063 ||| READING scroll labelled FAUPLEGALE.
  1077 | D:4      | HP: 6/25 [hobgoblin (3)]
  1080 | D:4      | Slain by a kobold

Levels and vault maps discovered:
D:1:      dpeg_arrival_leaves_temple_mockup, layout_rooms,
          ebering_ecumenical_altar_abandoned, item_on_display_a
D:2:      layout_basic
D:4:      corexii_shantytown, layout_loops_ring, mainiacjoe_overflow_alcove_4,
          mainiacjoe_overflow_boulevard, cheibriados_altar_1,
          general_overflow_altar, minmay_temple_entry_antechambers,
          uniq_crazy_yiuf_cottage

Skill      XL: |  1  2  3 |
---------------+----------+-----
Ranged Weapons | 6 7 |  7.7
Fighting       | |  1.5
Dodging        | |  2.4
Stealth        | |  1.2

Action                     |  1- 3 |  4- 6 || total
---------------------------+-------+-------++-------
   Fire: Shortbow          |   109 |    24 ||   133
    Use: Scroll            |       |     4 ||     4
 Armour: Leather armour    |     9 |    11 ||    20
  Dodge: Dodged            |    39 |    21 ||    60

Table legend:
 A = Non-vault XP
 B = Vault XP
 C = Vault XP percentage of total XP
 D = Non-vault monster count
 E = Vault monster count
 F = Vault count percentage of total count
                 A         B        C        D         E       F
            +---------+---------+-------+---------+---------+-------
      Total |     105 |      20 |  16.0 |      29 |      10 |  25.6
            +---------+---------+-------+---------+---------+-------
        D:1 |      46 |       0 |   0.0 |      20 |       0 |   0.0
        D:2 |      24 |       0 |   0.0 |       8 |       0 |   0.0
        D:4 |      35 |      20 |  36.4 |       1 |      10 |  90.9
            +---------+---------+-------+---------+---------+-------
